 Dungeon Crawl Stone Soup version 0.29-a0-297-g7659ce593d (webtiles) character file.

Game seed: 593722407128861174

91 Dabor the Insei (level 4, -4/29 HPs)
             Began as an Octopode Transmuter on Mar 22, 2022.
             Slain by Natasha (7 damage)
             ... on level 2 of the Dungeon.
             The game lasted 00:04:06 (3109 turns).

Dabor the Insei (Octopode Transmuter)               Turns: 3109, Time: 00:04:07

Health: -4/29      AC:  1    Str:  9    XL:     4   Next: 59%
Magic:  6/7        EV: 13    Int: 15    God:
Gold:   71         SH:  0    Dex: 14    Spells: 2/8 levels left

rFire   . . .      SeeInvis .     - Unarmed
rCold   . . .      Faith    .   (no shield)
rNeg    . . .      Spirit   .   (helmet currently unavailable)
rPois   .          Reflect  .   (no amulet)
rElec   .          Harm     .   (no ring)
rCorr   .          Rampage  .   (no ring)
Will    .....                   (no ring)
Stlth   ++........              (no ring)
HPRegen 0.09/turn               (no ring)
MPRegen 0.10/turn               (no ring)
                                (no ring)
                                (no ring)

@: appendages (expiring)
A: tentacle spike 3, almost no armour, amphibious, 8 rings, camouflage 1,
gelatinous body 1, (nimble swimmer 1), tentacles
a: End Transformation


You were on level 2 of the Dungeon.
One of your tentacles had grown a beastly spike.
You visited 1 branch of the dungeon, and saw 2 of its levels.

You collected 71 gold pieces.

Inventory:

Missiles
 f - a throwing net
Scrolls
 b - 2 scrolls of magic mapping {unknown}
 d - a scroll of identify {unknown}
Potions
 a - a potion of lignification
 c - a potion of heal wounds {unknown}
 e - a potion of cancellation {unknown}


   Skills:
 + Level 1.9 Fighting
 + Level 2.6 Dodging
 + Level 3.4 Unarmed Combat
 + Level 2.5 Spellcasting
 + Level 2.5 Transmutations
 * Level 1.4 Poison Magic


You had 2 spell levels left.
You knew the following spells:

 Your Spells              Type           Power      Damage    Failure   Level
a - Beastly Appendage     Tmut           18%        N/A       8%          1
b - Wereblood             Tmut           9%         N/A       11%         2
c - Spider Form           Tmut/Pois      7%         N/A       28%         3

Your spell library contained the following spells:

 Spells                   Type           Power      Damage    Failure   Level
 Ice Form                 Ice/Tmut       5%         N/A       77%         4


Dungeon Overview and Level Annotations

Branches:
Dungeon (2/15)

Altars:

Annotations:
D:2 Natasha


Innate Abilities, Weirdness & Mutations

One of your tentacles has grown a beastly spike.
You cannot wear most types of armour.
You are amphibious.
You can wear up to eight rings at the same time.
Your skin changes colour to match your surroundings (Stealth+).
Your rubbery body absorbs attacks. (AC +1, EV +1)
((You are camouflaged when in or above water. (Stealth+)))
You have tentacles for arms and can constrict up to eight enemies at once.


Message History

You start resting.
Magic restored.
You start resting.
Your tentacle spike disappears.
You feel yourself speed up.
You start resting.
HP restored.
You see here the felid corpse of Natasha.
You see here a +0 robe.
Natasha, Servant of Life and Death comes into view.
Natasha hisses angrily.
Natasha casts a spell at you. You resist with some effort.
Natasha is nearby!
Natasha is nearby!
Natasha is nearby!
One of your tentacles grows a vicious spike.
Natasha stares at you and mumbles some strange words.
The magic dart hits you.
Natasha stares at you and mumbles some strange words.
The magic dart hits you.
Your transformation is almost over.
Natasha misses you.
You tentacle-slap Natasha. Your grab misses Natasha. You squeeze Natasha.
Natasha is heavily wounded.
Natasha casts a spell at you. The magic dart hits you.
You are too injured to fight recklessly!
You are too injured to fight recklessly!
You are too injured to fight recklessly!
You barely miss Natasha. You grab Natasha.
You squeeze Natasha, but do no damage.
Natasha is heavily wounded.
You constrict Natasha, but do no damage.
Natasha claws you!
* * * LOW HITPOINT WARNING * * *
You tentacle-slap Natasha but do no damage.
You pierce Natasha, but do no damage.
Natasha is heavily wounded.
You constrict Natasha. Natasha claws you!
You die...

#...............#### ###.
####.................
..#. #..........#.#####
#.#. #..........#.#####
#.##
######...........#####.##
#...................
#.........(.#####.#.
#..h........# #.#.
#..@........# #<#.
#...........# ###.
#.....†.....# #.
#.....†.....# ..
#...[.......# #.
#########...........#
#...................#
#..........##########
#..........#


You could see Natasha.

Vanquished Creatures
  Natasha (D:2)
  An adder (D:2)
  3 dart slugs
  6 ball pythons
  6 bats
  4 endoplasms
  2 giant cockroaches (D:1)
  A goblin (D:2)
  6 hobgoblins
  3 jackals (D:1)
  8 kobolds
  2 quokkas
  4 frilled lizards
  4 rats
51 creatures vanquished.

Notes
Turn   | Place    | Note
-------+----------+-------------------------------------------
     0 | D:1      | Dabor the Octopode Transmuter began the quest for the Orb.
     0 | D:1      | Reached XP level 1. HP: 13/13 MP: 3/3
    91 | D:1      | Reached XP level 2. HP: 2/18 MP: 3/5
  1731 | D:1      | Reached XP level 3. HP: 22/23 MP: 6/6
  2145 | D:1      | Learned a level 2 spell: Wereblood
  2149 | D:1      | Learned a level 3 spell: Spider Form
  2686 | D:2      | Reached XP level 4. HP: 21/29 MP: 5/7
  2903 | D:2      | Reached skill level 1 in Poison Magic
  2936 | D:2      | Noticed Natasha
  2946 | D:2      | Killed Natasha
  3101 | D:2      | Noticed Natasha
  3109 | D:2      | Slain by Natasha

Illustrated notes

Levels and vault maps discovered:
D:1:      dpeg_arrival_round_a, layout_basic, hangedman_decor_clover_reticule
D:2:      layout_basic, basic_altar, minmay_three_crescents, uniq_natasha

Skill      XL: |  1  2  3  4 |
---------------+-------------+-----
Poison Magic   | 1 |  1.4
Fighting       | |  1.9
Dodging        | |  2.6
Unarmed Combat | |  3.4
Spellcasting   | |  2.5
Transmutations | |  2.5

Action                   |  1- 3 |  4- 6 || total
-------------------------+-------+-------++-------
Melee: Unarmed           |    87 |    20 ||   107
       Constrict         |    25 |     9 ||    34
       Tentacles         |    18 |     5 ||    23
       Punch             |     3 |       ||     3
       Kick              |    21 |     9 ||    30
 Cast: Beastly Appendage |    25 |     6 ||    31
 Stab: Sleeping          |     7 |       ||     7
Armor: Skin              |    10 |       ||    10
Dodge: Dodged            |    48 |     7 ||    55

Table legend: (Time is in decaauts)
 A = Elapsed time spent in this place.
 B = Non-inter-level travel time spent in this place.
 C = Inter-level travel time spent in this place.
 D = Time resting spent in this place.
 E = Time spent auto-exploring this place.
 F = Levels seen in this place.
 G = Mean time per level.
                   A        B        C        D        E       F      G
               +--------+--------+--------+--------+--------+-----+--------+
         Total |   3109 |   3065 |     44 |   1121 |   1571 |   2 | 1554.5 |
       Dungeon |   3109 |   3065 |     44 |   1121 |   1571 |   2 | 1554.5 |
               +--------+--------+--------+--------+--------+-----+--------+

Top non-repeatable levels by time:
     D:1: 2189 daAuts
     D:2: 919 daAuts
